 Dungeon Crawl Stone Soup version 0.23.2-33-g5129a83184 (webtiles) character file.

Game seed: 13057344003539499540

148 Folque the Conjurer (level 4, -2/35 HPs)
             Began as a Demigod Conjurer on July 27, 2019.
             Shot with an arrow by a centaur (5 damage)
             ... on level 9 of the Dungeon.
             The game lasted 00:05:44 (2640 turns).

Folque the Conjurer (Demigod Conjurer)              Turns: 2640, Time: 00:05:44

Health: -2/35      AC:  3    Str: 11    XL:     4   Next: 82%
Magic:  8/11       EV: 12    Int: 21    God:
Gold:   148        SH:  0    Dex: 16    Spells: 3/9 levels left

rFire    . . .     SeeInvis .   h - +2 dagger (elec)
rCold    . . .     Gourm    .   (no shield)
rNeg     . . .     Faith    .   a - +0 robe
rPois    .         Spirit   .   (no helmet)
rElec    .         Reflect  .   q - +0 cloak
rCorr    .         Harm     .   (no gloves)
MR       .....                  (no boots)
Stlth    ++........             (no amulet)
HPRegen  0.11/turn              (no ring)
MPRegen  0.12/turn              (no ring)

@: no status effects
A: high mp 1
a: no special abilities


You were on level 9 of the Dungeon.
You were not hungry.

You visited 1 branch of the dungeon, and saw 5 of its levels.

You collected 148 gold pieces.

Inventory:

Hand Weapons
 g - a +0 dagger
 h - a +2 dagger of electrocution (weapon)
Armour
 a - a +0 robe (worn)
 f - a +0 ring mail
 q - a +0 cloak (worn)
Jewellery
 j - an uncursed ring of positive energy {unknown}
 t - a cursed amulet of inaccuracy {unknown}
Wands
 u - a wand of paralysis (9)
Scrolls
 b - a scroll of magic mapping {unknown}
 d - 2 scrolls of noise {unknown}
 e - 2 scrolls of enchant weapon {unknown}
 k - a scroll of immolation {unknown}
 l - 2 scrolls of amnesia {unknown}
 n - a scroll of random uselessness {unknown}
 o - a scroll of fear {unknown}
 s - 3 scrolls of identify {unknown}
Potions
 m - a potion of curing {unknown}
 r - a potion of agility {unknown}
Comestibles
 c - 4 rations
 p - 3 chunks of flesh


   Skills:
 - Level 1.1 Fighting
 - Level 1.7 Dodging
 - Level 1.7 Stealth
 + Level 3.0 Spellcasting
 + Level 4.2 Conjurations
 * Level 2.1 Hexes


You had 3 spell levels left.
You knew the following spells:

 Your Spells              Type           Power        Failure   Level  Hunger
a - Magic Dart            Conj           ###.         2%          1    None
b - Searing Ray           Conj           ###...       3%          2    ##.....
c - Dazzling Spray        Conj/Hex       ###...       11%         3    ###....

Your spell library contained the following spells:

 Spells                   Type           Power        Failure   Level  Hunger
 Iskenderun's Mystic Bla  Conj           ###.....     22%         4    ####...
 Fulminant Prism          Conj/Hex       ###.......   34%         4    ####...
 Force Lance              Conj/Tloc      ##......     50%         4    ####...


Dungeon Overview and Level Annotations

Branches:
Dungeon (3/15)

Annotations:
D:6 Dowan


Innate Abilities, Weirdness & Mutations

You have an increased reservoir of magic. (+10% MP)


Message History

A killer bee comes into view.
The killer bee buzzes angrily.
A killer bee comes into view.
As you read the scroll of teleportation, it crumbles to dust.
You feel strangely unstable. The killer bee stings you.
The killer bee barely misses you.
A killer bee comes into view.
The killer bee barely misses you. The killer bee closely misses you.
The killer bee stings you but does no damage.
The killer bee closely misses you.
Your surroundings suddenly seem different.
A centaur comes into view.
Found a stone staircase leading down.
The centaur shouts!
You hear an angry buzzing noise. x2
The centaur wields a +0 shortbow.
The centaur shoots an arrow.
The arrow hits you!
* * * LOW HITPOINT WARNING * * *
The killer bee closely misses you.
The centaur shoots an arrow.
The arrow hits you.
You die...

......##...##...#
##............# #.##
#............## #.#
#..#
.>...........##..#
...
#..<.........#...#
#..
#................##
..##
#.8...............#
#..#
#...#######.......#
..## #.8@##
#.....>..# #..#
##..y.# #..........#
#..##
#.....##............#
#y..#
#.............###.>..
##yy# #c...#.....####
..>.
#y....y##....#### ...
##...##....### ..
#^.... .### ..
#.....##


You could see a centaur and 2 killer bees.

Vanquished Creatures
  3 gnolls (D:2)
  5 adders
  An ooze (D:3)
  3 worms
  4 dart slugs
  2 leopard geckos
  An orc (D:3)
  6 giant cockroaches
  7 goblins
  4 hobgoblins
  3 kobolds (D:1)
  2 ball pythons
  7 bats
  2 frilled lizards
  4 rats
54 creatures vanquished.

Notes
Turn   | Place    | Note
-------+----------+-------------------------------------------
     0 | D:1      | Folque the Demigod Conjurer began the quest for the Orb.
     0 | D:1      | Reached XP level 1. HP: 14/14 MP: 5/5
   589 | D:1      | Reached XP level 2. HP: 12/22 MP: 3/7
   773 | D:1      | Reached skill level 1 in Fighting
   777 | D:1      | Learned a level 2 spell: Searing Ray
  1230 | D:2      | Reached XP level 3. HP: 28/28 MP: 6/9
  1235 | D:2      | Learned a level 3 spell: Dazzling Spray
  1362 | D:2      | Reached skill level 4 in Conjurations
  1471 | D:2      | Reached skill level 1 in Hexes
  1496 | D:2      | Reached XP level 4. HP: 14/35 MP: 6/11
  1695 | D:2      | Found a faded altar of an unknown god.
  2506 | D:3      | You fall through a shaft for 3 floors!
  2510 | D:6      | Noticed Dowan
  2511 | D:6      | You fall through a shaft for 3 floors!
  2624 | D:9      | Noticed an orc warrior
  2627 | D:9      | Noticed an orc warrior
  2637 | D:9      | Noticed a centaur
  2640 | D:9      | Shot with an arrow by a centaur

Skill      XL: |  1  2  3  4 |
---------------+-------------+-----
Spellcasting   | 2 3 |  3.0
Fighting       | 1 |  1.1
Conjurations   | 4 |  4.2
Hexes          | 1 2 |  2.1
Dodging        | |  1.7
Stealth        | |  1.7

Action                   |  1- 3 |  4- 6 || total
-------------------------+-------+-------++-------
Melee: Club              |    10 |       ||    10
       Dagger            |    58 |    20 ||    78
       Unarmed           |     2 |       ||     2
 Cast: Magic Dart        |    17 |     2 ||    19
       Searing Ray       |     4 |     8 ||    12
       Dazzling Spray    |       |     3 ||     3
  Use: Scroll            |       |     2 ||     2
 Stab: Sleeping          |     2 |     1 ||     3
  Eat: Chunk             |     2 |     4 ||     6
Armor: Robe              |    12 |    10 ||    22
Dodge: Dodged            |    43 |    20 ||    63
